 Dungeon Crawl Stone Soup version 0.20.1-1-g8b1a95d (webtiles) character file.

189204 Monsterracer the Executioner (level 18, -20/180 HPs)
             Began as a Hill Orc Summoner on Aug 22, 2017.
             Was a High Priest of Nemelex Xobeh.
             Killed by the raging water
             ... invoked by a water nymph
              (21 damage)
             ... on level 2 of the Shoals on Aug 23, 2017.
             The game lasted 01:55:52 (42829 turns).

Monsterracer the Executioner (Hill Orc Summoner)   Turns: 42829, Time: 01:55:52

Health: -20/180    AC: 27    Str: 27    XL:     18   Next: 12%
Magic:  0/29       EV:  9    Int: 13    God:    Nemelex Xobeh [*****.]
Gold:   1961       SH:  0    Dex: 11    Spells: 2/20 levels left

rFire    + . .     SeeInvis +   a - +6 executioner's axe (venom)
rCold    + . .     Gourm    .   (shield currently unavailable)
rNeg     + + +     Faith    .   d - +2 chain mail {rPois}
rPois    +         Spirit   +   (helmet restricted)
rElec    +         Reflect  .   u - +1 cloak
rCorr    +         Harm     .   s - +1 pair of gloves
MR       +....                  m - +1 pair of boots {run}
Stlth    ..........             z - amulet "Ceosep" {Spirit rElec}
Regen    0.4/turn               I - ring of the Philosopher {rCorr rC+ SInv}
MPRegen  0.3/turn               Q - ring "Yngiynakk" {rF+ rN+++ Str+3 Stlth-}

@: confused, mighty, very slow
A: horns 1, iridescent scales 1, molten scales 1, deterioration 1, dopey 1,
mutation resistance 1, wild magic 1
}: 1/15 runes: gossamer
a: Triple Draw, Deal Four, Stack Five, Renounce Religion


You were on level 2 of the Shoals.
You worshipped Nemelex Xobeh.
Nemelex Xobeh was extremely pleased with you.
You were not hungry.

You visited 5 branches of the dungeon, and saw 29 of its levels.

You collected 2782 gold pieces.
You spent 821 gold pieces at shops.

Inventory:

Hand Weapons
 a - a +6 executioner's axe of venom (weapon)
 b - a +4 morningstar
Armour
 d - a +2 chain mail of poison resistance (worn)
 m - a +1 pair of boots of running (worn)
 s - a +1 pair of gloves (worn)
 u - a +1 cloak (worn)
 T - a +0 cloak of poison resistance
Jewellery
 g - a +6 ring of strength
 z - the amulet "Ceosep" (around neck) {Spirit rElec}
   (You found it on level 1 of the Spider Nest)

   [amulet of guardian spirit]

   It causes incoming damage to be split between your health and magic.
   It insulates you from electricity.
 I - the ring of the Philosopher (left hand) {rCorr rC+ SInv}
   (You found it on level 5 of the Lair of Beasts)

   [ring of resist corrosion]

   It protects you from cold.
   It lets you see invisible.
 Q - the ring "Yngiynakk" (right hand) {rF+ rN+++ Str+3 Stlth-}
   (You found it on level 1 of the Spider Nest)

   [ring of loudness]

   It affects your strength (+3).
   It protects you from fire.
   It renders you almost immune to negative energy.
   It makes you less stealthy.
Wands
 y - a wand of digging (24/24)
Scrolls
 e - 3 scrolls of blinking
 f - a scroll of fog
 h - 3 scrolls of fear
 i - 14 scrolls of identify
 j - 13 scrolls of teleportation
 l - 16 scrolls of remove curse
 w - 4 scrolls of magic mapping
Potions
 n - a potion of magic
 q - 5 potions of resistance
 v - 6 potions of haste
 A - 2 potions of flight
 B - 3 potions of invisibility
 C - 4 potions of heal wounds
 D - a potion of might
 E - 14 potions of curing
 F - 4 potions of ambrosia
 G - 5 potions of mutation
 H - a potion of cancellation
Miscellaneous
 o - an ornate deck of destruction {drawn: 7}
 p - an ornate deck of destruction
 t - an ornate deck of destruction
 J - a legendary deck of destruction
 K - a legendary deck of destruction
 L - a legendary deck of destruction
 M - a legendary deck of destruction
 N - a plain deck of summoning {drawn: 8}
 O - a plain deck of summoning {drawn: 2}
 P - an ornate deck of summoning {drawn: 3}
 R - an ornate deck of summoning
 S - an ornate deck of summoning
 U - a legendary deck of summoning
 V - a legendary deck of summoning
 W - a plain deck of escape
 Y - an ornate deck of escape
 Z - an ornate deck of escape
Comestibles
 c - 20 bread rations
 k - 9 fruits
 r - 14 royal jellies
 x - 11 meat rations


   Skills:
 * Level 20.7 Fighting
 * Level 22.1 Axes
 + Level 14.3 Armour
 - Level 1.5 Dodging
 - Level 1.5 Stealth
 - Level 1.5 Spellcasting
   Level 4.0 Summonings
 + Level 15.5 Invocations


You had 2 spell levels left.
You knew the following spells:

 Your Spells              Type           Power        Failure   Level  Hunger
a - Blink                 Tloc           N/A          88%         2    ###....
b - Passage of Golubria   Tloc           N/A          100%        4    #####..
c - Deflect Missiles      Chrm/Air       #.........   100%        6    #######
d - Regeneration          Chrm/Necr      #.........   98%         3    ####...
e - Passwall              Tmut/Erth      #.........   88%         2    ###....
z - Apportation           Tloc           #.....       77%         1    ##.....


Dungeon Overview and Level Annotations

Branches:
Dungeon (15/15)            Temple (0/1) D:5            Lair (6/6) D:11
 Shoals (2/4) Lair:4       Spider (4/4) Lair:4        Slime (0/5) Lair:6
    Orc (2/2) D:12            Elf (0/3) Orc:2        Vaults (0/5) D:14
 Depths (0/5) D:15

Altars:
Cheibriados
Gozag
Kikubaaqudgha
Makhleb
Nemelex Xobeh
Okawaru
Qazlal
Ru
Trog
Vehumet
Xom
Yredelemnul
Beogh

Shops:
D:4 :   D:8 ?   D:9 ?}(   D:14 ?   Orc:1 }   Orc:2 *%([*

Annotations:
D:11 3 runed doors
Orc:2 1 runed door, exclusion: 2 orange crystal statues


Innate Abilities, Weirdness & Mutations

You have a pair of small horns on your head.
You are partially covered in iridescent scales. (AC +2)
You are partially covered in molten scales. (AC +2)
Your body sometimes deteriorates upon taking damage.
You are dopey. (Int -2)
You are somewhat resistant to further mutation.
Your spells are a little harder to cast, but a little more powerful.


Message History

* * * LOW MAGIC WARNING * * *
* * * LOW HITPOINT WARNING * * *
The merfolk hits you with a trident.
* * * LOW MAGIC WARNING * * *
* * * LOW HITPOINT WARNING * * *
Huge Dmg: -2%(-4hp) hp: 9%(15hp)
You enter the shallow water.
Moving in this stuff is going to be slow.
The water nymph touches you. The water nymph drowns you!
* * * LOW HITPOINT WARNING * * *
The merfolk barely misses you. The merfolk hits you with a trident.
* * * LOW HITPOINT WARNING * * *
The water nymph casts a spell at you. The water swirls and strikes you!
* * * LOW MAGIC WARNING * * *
* * * LOW HITPOINT WARNING * * *
The water nymph casts a spell at you. The water swirls and strikes you!
You die...
Your body disappears without a glow.

≈≈≈≈......≈≈≈≈≈≈≈(≈...†≈≈≈≈≈≈
≈≈≈≈≈≈...≈≈≈≈≈≈≈≈....†...≈≈≈≈
≈≈≈≈≈≈≈≈≈≈≈≈≈≈≈≈.....†.≈≈≈≈≈≈
≈≈≈≈≈≈≈≈≈≈≈≈≈≈≈≈≈≈)†..≈≈≈≈≈≈≈
≈≈≈≈≈≈≈≈≈≈≈≈≈≈≈≈≈≈))#..≈≈≈≈≈≈
≈≈≈≈≈≈≈≈≈≈≈≈≈≈≈≈≈.)###.≈≈≈≈≈≈
≈≈≈≈≈≈≈≈≈≈≈≈≈≈≈≈≈..###.≈≈≈≈≈≈
≈≈≈≈≈≈≈≈≈P≈≈≈...≈≈≈(...≈≈≈≈≈≈
≈≈≈≈≈≈P..P...@m≈..≈≈≈≈≈≈≈≈
≈≈≈≈≈≈P.###..mm≈..≈≈≈≈≈≈≈
≈≈≈P≈≈P## ##..(≈m≈≈≈≈≈≈≈≈
≈≈≈≈≈PP ###≈≈(≈m≈≈≈≈≈≈≈
≈≈≈≈≈PP #..≈)###≈.≈≈≈≈≈
≈≈≈≈≈P..P.≈≈≈.# ≈.≈≈≈≈≈
≈≈≈≈..P(..≈≈≈......≈≈≈≈≈
≈≈≈.#####.≈≈≈≈..###≈≈≈≈ ≈..#
#..≈≈≈≈.# .≈≈≈


You could see 3 merfolk and 2 water nymphs.

Vanquished Creatures
  Saint Roka (Orc:2)
  Nikola (Shoals:2)
  Frances (D:14)
  Kirke (D:12)
  The ghost of p0werm0de the Fighter, a journeyman DsBe of Trog (Spider:3)
  4 ghost moths
  An entropy weaver (Spider:2)
  2 spark wasps (Spider:3)
  An ettin (D:15)
  A merfolk impaler (Shoals:1)
  A fire dragon (Spider:2)
  A rakshasa (Spider:2)
  A catoblepas (Lair:6)
  2 vault guards (D:14)
  A merfolk avatar (Shoals:1)
  8 hydras
  2 two-headed ogres (D:15)
  3 centaur warriors
  Erica (Orc:1)
  A deep troll shaman (Lair:6)
  The ghost of Agrougrou the Carver, a novice BaFi of Okawaru (D:8)
  8 death yaks
  3 tengu warriors
  3 orc high priests (Orc:2)
  Nergalle (D:11)
  A fire crab (Spider:2)
  3 unseen horrors
  4 sea snakes
  3 orange crystal statues
  2 lindwurms
  12 orb spiders
  9 harpies (Shoals:1)
  2 oklob plants (Lair:6)
  6 fauns
  2 orc sorcerers (Orc:2)
  2 orc knights (D:15)
  3 deep elf magi
  2 wolf spider zombies
  4 cyclopes
  An ugly thing (D:13)
  24 wolf spiders
  10 elephants
  2 manticores
  4 moths of wrath
  4 black mambas
  2 merfolk sirens
  5 centaur zombies
  3 water nymphs (Shoals:1)
  14 spiny frogs
  3 gargoyles
  2 torpor snails
  2 kobold demonologists (D:12)
  8 demonic crawlers
  5 komodo dragons
  2 tengu conjurers
  2 polar bears
  3 merfolk
  10 trolls
  8 hornets
  30 jumping spiders
  2 meliai (D:13)
  A harpy skeleton (D:14)
  12 blink frogs
  8 slime creatures
  10 dream sheep
  A snapping turtle (Shoals:1)
  13 hippogriffs
  A spriggan (D:8)
  A water elemental (Shoals:1)
  6 wraiths
  20 tarantellas
  4 wyverns
  67 redbacks
  2 shadows
  A vampire (D:14)
  A hog (D:12)
  35 yaks
  7 basilisks
  9 humans
  A steam dragon (D:10)
  5 hungry ghosts
  3 vampire mosquitoes
  An acid dragon (D:15)
  3 wargs
  A soldier ant (D:14)
  2 hell hounds (D:15)
  9 water moccasins
  6 porcupines (Lair:2)
  34 orc warriors
  3 sky beasts
  A phantom (D:10)
  4 black bears
  10 centaurs
  12 ogres
  26 wolves
  14 crocodiles
  6 big kobolds
  13 bullfrogs
  2 water moccasin zombies (D:6)
  2 scorpions
  A scorpion (shapeshifter) (Spider:2)
  17 killer bees
  4 wights (D:9)
  9 howler monkeys
  An electric eel (Lair:2)
  5 crimson imps
  A quasit (D:8)
  A gnoll shaman (D:5)
  7 hounds
  3 jellies
  24 orc priests
  5 centaur skeletons
  2 bullfrog skeletons
  2 iguanas
  7 worker ants
  26 orc wizards
  A killer bee zombie (D:4)
  2 hound zombies
  Robin (D:2)
  3 gnolls (D:6)
  12 adders
  7 shadow imps
  3 oozes
  2 adder skeletons
  2 adder zombies
  4 worms
  A dart slug (D:15)
  3 leopard geckos
  109 orcs
  A ball python (D:2)
  6 giant cockroaches
  13 goblins
  10 hobgoblins
  12 jackals
  10 bats
  4 frilled lizards
  30 kobolds
  A leopard gecko skeleton (D:5)
  A quokka zombie (D:5)
  10 rats
  7 fungi
  4 plants
983 creatures vanquished.

Vanquished Creatures (collateral kills)
  A quicksilver dragon (Lair:2)
  2 ghost moths (Spider:4)
  Azrael (D:15)
  3 spark wasps (Spider:4)
  The ghost of vomix the Severer, a journeyman MiBe of Trog (Lair:2)
  A vault guard (D:14)
  A hydra (Lair:1)
  A centaur warrior (D:15)
  4 two-headed ogres
  A death drake (Shoals:1)
  A sea snake (Shoals:1)
  A deep troll (D:15)
  2 wizards (D:14)
  3 necromancers (D:14)
  A mana viper (Shoals:1)
  7 orb spiders
  An oklob plant (Lair:6)
  6 wolf spiders
  A moth of wrath (Spider:4)
  A gargoyle (D:10)
  A centaur skeleton (D:15)
  The ghost of dscm the Magician, a novice DrWz (D:5)
  2 demonic crawlers (Spider:4)
  A tengu conjurer (D:15)
  5 jumping spiders
  A wind drake (Shoals:1)
  A meliai (D:13)
  2 hornets (Spider:4)
  A slime creature (D:12)
  A shadow (D:15)
  A wyvern (D:9)
  15 redbacks
  A vampire (D:9)
  A yak (D:14)
  9 humans (D:14)
  11 tarantellas
  Eustachio (D:5)
  A fire elemental (D:15)
  Grum (D:9)
  2 vampire mosquitoes (D:15)
  3 water moccasins
  A hell hound (D:15)
  3 orc warriors (Orc:2)
  A wolf (D:9)
  4 ogres
  7 killer bees
  A crimson imp (D:5)
  A jelly (D:5)
  A hound (D:8)
  An iguana (D:9)
  Terence (D:2)
  A worker ant (D:5)
  A hound skeleton (D:5)
  A shadow imp (D:15)
  A dart slug (D:4)
  A leopard gecko (D:5)
  An orc (D:9)
  2 giant cockroaches
  A goblin (D:1)
  3 jackals (D:1)
  2 kobolds
137 creatures vanquished.

Vanquished Creatures (others)
  An unseen horror (D:15)
  A sea snake (Shoals:2)
  A wolf spider (Spider:1)
  An oklob plant (Lair:6)
  A jumping spider (Lair:4)
  2 dream sheep (Shoals:2)
  A hog (Spider:2)
  2 humans (D:12)
  A wolf (Lair:4)
  A killer bee (D:12)
  An orc priest (Orc:2)
  An adder (D:12)
  3 ball lightnings
  3 orcs
  14 fungi
  17 plants
51 creatures vanquished.

Grand Total: 1171 creatures vanquished

Notes
Turn   | Place    | Note
-------+----------+-------------------------------------------
     0 | D:1      | Monsterracer the Hill Orc Summoner began the quest for the Orb.
     0 | D:1      | Reached XP level 1. HP: 14/14 MP: 3/3
   158 | D:1      | Reached skill level 1 in Fighting
   266 | D:1      | Reached XP level 2. HP: 24/24 MP: 4/4
   362 | D:1      | Reached skill level 1 in Axes
   791 | D:1      | Reached skill level 2 in Axes
  1142 | D:1      | Reached XP level 3. HP: 23/29 MP: 5/5
  1209 | D:2      | HP: 13/29 [leopard gecko (3)]
  1210 | D:2      | HP: 5/29 [leopard gecko (5)]
  1524 | D:2      | Noticed Terence
  1552 | D:2      | HP: 12/30 [Terence/flail (8)]
  1555 | D:2      | HP: 2/30 [Terence/flail (6)]
  1559 | D:2      | Gained mutation: You have a pair of small horns on your head. [potion of mutation]
  1559 | D:2      | Gained mutation: You are partially covered in molten scales. (AC +2) [potion of mutation]
  1559 | D:2      | Gained mutation: Your body sometimes deteriorates upon taking damage. [potion of mutation]
  1559 | D:2      | Gained mutation: You are partially covered in iridescent scales. (AC +2) [potion of mutation]
  1600 | D:2      | Killed Terence
  1600 | D:2      | Reached skill level 3 in Axes
  1600 | D:2      | Reached XP level 4. HP: 6/37 MP: 0/6
  2178 | D:2      | Noticed Robin
  2190 | D:2      | HP: 18/37 [goblin/dagger[Robin] (4)]
  2197 | D:2      | HP: 17/37 [hobgoblin[Robin] (2)]
  2270 | D:2      | HP: 16/37 [Robin/whip (3)]
  2275 | D:2      | HP: 10/37 [Robin/whip (3)]
  2277 | D:2      | Killed Robin
  2936 | D:2      | Reached XP level 5. HP: 40/46 MP: 7/7
  2965 | D:3      | Reached skill level 4 in Axes
  2965 | D:3      | Reached skill level 1 in Armour
  3362 | D:3      | Found a sacrificial altar of Ru.
  3626 | D:3      | Found a faded altar of an unknown god.
  3631 | D:3      | Became a worshipper of Nemelex Xobeh the Trickster
  3631 | D:3      | Received a gift from Nemelex Xobeh
  3631 | D:3      | Reached * piety under Nemelex Xobeh
  3631 | D:3      | Received a gift from Nemelex Xobeh
  4006 | D:4      | Noticed an ogre
  4007 | D:4      | Noticed an insubstantial wisp
  4030 | D:4      | HP: 18/46 [insubstantial wisp/static electricity[the player character] (8)]
  4031 | D:4      | Killed an ogre
  4031 | D:4      | Reached skill level 1 in Invocations
  4031 | D:4      | Reached XP level 6. HP: 21/53 MP: 8/8
  4036 | D:4      | HP: 15/53 [poisoned by a worker ant]
  4234 | D:4      | Found Zanewor Emio's Book Shoppe.
  4238 | D:4      | Got a fine sapphire amulet
  4239 | D:4      | Identified the amulet "Jeubriw" {Reflect +Blink rN+ SH+3} (You found it on level 4 of the Dungeon)
  4385 | D:4      | Reached skill level 5 in Axes
  4463 | D:4      | Reached skill level 5 in Fighting
  4606 | D:4      | Found a burning altar of Makhleb.
  4606 | D:4      | Noticed a blizzard demon
  4609 | D:4      | Noticed an orange demon
  4609 | D:4      | Noticed an orange demon
  4673 | D:5      | Entered Level 5 of the Dungeon
  4719 | D:5      | Noticed dscm's ghost (novice DrWz)
  4753 | D:5      | Killed dscm's ghost
  4753 | D:5      | Reached skill level 6 in Axes
  4753 | D:5      | Reached XP level 7. HP: 59/61 MP: 9/9
  4803 | D:5      | Reached ** piety under Nemelex Xobeh
  4837 | D:5      | Received a gift from Nemelex Xobeh
  4868 | D:5      | Noticed Eustachio
  4894 | D:5      | HP: 32/64 [centaur (6)]
  4899 | D:5      | Reached XP level 8. HP: 37/71 MP: 10/10
  4902 | D:5      | HP: 30/71 [Eustachio/rapier (8)]
  4908 | D:5      | HP: 30/71 [quokka[Eustachio] (1)]
  4925 | D:5      | Killed Eustachio
  5274 | D:5      | Found a staircase to the Ecumenical Temple.
  5313 | D:5      | Reached skill level 7 in Axes
  5675 | D:6      | Received a gift from Nemelex Xobeh
  6144 | D:6      | Reached skill level 8 in Axes
  6417 | D:6      | Found a bloodstained altar of Trog.
  6605 | D:6      | HP: 34/74 [orc priest/divine providence (13)]
  6612 | D:6      | HP: 26/74 [orc/flail (1)]
  6613 | D:6      | Reached XP level 9. HP: 29/81 MP: 12/12
  6624 | D:6      | HP: 29/81 [orc wizard/antimagic dagger (2)]
  6959 | D:7      | Found a snail-covered altar of Cheibriados.
  6964 | D:7      | Found a stormy altar of Qazlal.
  6965 | D:7      | Found a sacrificial altar of Ru.
  6965 | D:7      | Found an iron altar of Okawaru.
  6966 | D:7      | Found an ancient bone altar of Kikubaaqudgha.
  6971 | D:7      | Found a basalt altar of Yredelemnul.
  7164 | D:7      | Reached *** piety under Nemelex Xobeh
  7201 | D:7      | Received a gift from Nemelex Xobeh
  7281 | D:7      | Reached skill level 9 in Axes
  7432 | D:7      | Reached skill level 5 in Invocations
  7536 | D:7      | Received a gift from Nemelex Xobeh
  8051 | D:7      | Reached skill level 5 in Armour
  8155 | D:7      | HP: 38/83 [killer bee (5)]
  8160 | D:7      | HP: 36/83 [poisoned by a killer bee]
  8165 | D:7      | HP: 29/83 [poisoned by a killer bee]
  8170 | D:7      | HP: 25/83 [poisoned by a killer bee]
  8175 | D:7      | HP: 23/83 [poisoned by a killer bee]
  8182 | D:7      | HP: 22/83 [poisoned by a killer bee]
  8189 | D:7      | HP: 21/83 [poisoned by a killer bee]
  8197 | D:7      | HP: 21/83 [poisoned by a killer bee]
  8574 | D:8      | Reached skill level 10 in Axes
  8627 | D:8      | Found a shimmering altar of Xom.
  8627 | D:8      | Received a gift from Nemelex Xobeh
  8789 | D:8      | Noticed a two-headed ogre
  8793 | D:8      | Killed a two-headed ogre
  8804 | D:8      | Received a gift from Nemelex Xobeh
  8874 | D:8      | Found Wimus's Magic Scroll Shop.
  8876 | D:8      | Reached **** piety under Nemelex Xobeh
  8882 | D:8      | Bought a scroll of enchant armour for 105 gold pieces
  8929 | D:8      | Found a radiant altar of Vehumet.
  8950 | D:8      | Noticed Agrougrou's ghost (novice BaFi)
  8961 | D:8      | Killed Agrougrou's ghost
  8961 | D:8      | Reached skill level 10 in Fighting
  8961 | D:8      | Reached XP level 10. HP: 74/93 MP: 14/14
  9090 | D:8      | Reached skill level 11 in Axes
  9806 | D:9      | Found Penlaq's Magic Scroll Shop.
  9818 | D:9      | Found Fyfebizo's Gadget Shoppe.
  9824 | D:9      | Noticed a two-headed ogre
  9834 | D:9      | Killed a two-headed ogre
  9835 | D:9      | HP: 46/94 [ogre/giant club (11)]
  9839 | D:9      | Received a gift from Nemelex Xobeh
  9840 | D:9      | HP: 45/94 [poisoned by a kobold]
  9848 | D:9      | HP: 45/94 [poisoned by a kobold]
 10026 | D:9      | Found Zarais's Antique Weapon Shop.
 10032 | D:9      | Bought a battleaxe for 156 gold pieces
 10070 | D:9      | Noticed Grum
 10073 | D:9      | HP: 45/94 [wyvern (4)]
 10075 | D:9      | HP: 21/94 [Grum/enchanted spear (8)]
 10219 | D:9      | HP: 47/94 [poisoned by a killer bee]
 10226 | D:9      | HP: 46/94 [poisoned by a killer bee]
 10233 | D:9      | HP: 46/94 [poisoned by a killer bee]
 10241 | D:9      | HP: 46/94 [poisoned by a killer bee]
 10487 | D:9      | Killed Grum
 10493 | D:9      | HP: 47/95 [something (4)]
 10502 | D:9      | HP: 28/95 [something (5)]
 10509 | D:9      | Reached skill level 12 in Axes
 11010 | D:10     | Entered Level 10 of the Dungeon
 11062 | D:10     | Noticed a gargoyle
 11064 | D:10     | Killed a gargoyle
 11351 | D:10     | Reached XP level 11. HP: 69/102 MP: 16/16
 11794 | D:10     | Killed an unseen horror
 11910 | D:10     | Received a gift from Nemelex Xobeh
 11934 | D:10     | Learned a level 1 spell: Apportation
 12342 | D:11     | Reached skill level 13 in Axes
 12498 | D:11     | Found a staircase to the Lair.
 12815 | Lair:1   | Entered Level 1 of the Lair of Beasts
 13011 | Lair:1   | Identified a scroll of acquirement
 13017 | Lair:1   | Reached ***** piety under Nemelex Xobeh
 13024 | Lair:1   | Received a gift from Nemelex Xobeh
 13189 | Lair:1   | Noticed an eight-headed hydra
 13199 | Lair:1   | Killed an eight-headed hydra
 13980 | Lair:2   | HP: 52/105 [basilisk (2)]
 13985 | Lair:2   | HP: 39/105 [poisoned by a spiny frog]
 13990 | Lair:2   | HP: 34/105 [poisoned by a spiny frog]
 13996 | Lair:2   | HP: 33/105 [poisoned by a spiny frog]
 14004 | Lair:2   | HP: 32/105 [poisoned by a spiny frog]
 14012 | Lair:2   | HP: 32/105 [poisoned by a spiny frog]
 14090 | Lair:2   | Received a gift from Nemelex Xobeh
 14318 | Lair:2   | HP: 50/105 [blink frog (12)]
 14583 | Lair:2   | Reached XP level 12. HP: 111/113 MP: 19/19
 14594 | Lair:2   | Reached skill level 14 in Axes
 14793 | Lair:2   | Noticed a five-headed hydra
 14806 | Lair:2   | Killed a five-headed hydra
 14810 | Lair:2   | HP: 54/115 [spiny frog (11)]
 15391 | Lair:2   | Noticed vomix's ghost (journeyman MiBe)
 15410 | Lair:2   | Killed vomix's ghost
 15465 | Lair:2   | Received a gift from Nemelex Xobeh
 15517 | Lair:2   | HP: 53/115 [blink frog (7)]
 15520 | Lair:2   | HP: 26/115 [blink frog (9)]
 15536 | Lair:2   | HP: 56/115 [blink frog (4)]
 16171 | Lair:3   | Noticed Rupert
 16181 | Lair:3   | Paralysed by Rupert for 2 turns
 16348 | Lair:3   | Noticed a five-headed hydra
 16366 | Lair:3   | Reached skill level 10 in Invocations
 16725 | Lair:3   | Killed a five-headed hydra
 16725 | Lair:3   | Reached skill level 15 in Axes
 17024 | Lair:2   | Noticed Rupert
 17024 | Lair:2   | Rupert changed into Rupert the quicksilver dragon
 17025 | Lair:2   | HP: 41/116 [Rupert the quicksilver dragon/bolt of dispelling energy (22)]
 17031 | Lair:2   | Killed Rupert the quicksilver dragon
 17400 | Lair:3   | Reached XP level 13. HP: 114/125 MP: 20/20
 17411 | Lair:3   | Received a gift from Nemelex Xobeh
 17651 | Lair:3   | Received a gift from Nemelex Xobeh
 17992 | Lair:4   | Found a staircase to the Shoals.
 18359 | Lair:4   | Reached skill level 16 in Axes
 18370 | Lair:4   | HP: 62/125 [jumping spider (5)]
 18375 | Lair:4   | HP: 40/125 [poisoned by a redback]
 18380 | Lair:4   | HP: 33/125 [poisoned by a redback]
 18385 | Lair:4   | HP: 28/125 [poisoned by a redback]
 18390 | Lair:4   | HP: 26/125 [poisoned by a redback]
 18396 | Lair:4   | HP: 24/125 [poisoned by a redback]
 18401 | Lair:4   | Received a gift from Nemelex Xobeh
 18403 | Lair:4   | HP: 27/187 [poisoned by a redback]
 18409 | Lair:4   | HP: 39/125 [poisoned by a redback]
 18415 | Lair:4   | HP: 40/125 [poisoned by a redback]
 19003 | Lair:4   | Found a hole to the Spider Nest.
 19110 | Lair:5   | Received a gift from Nemelex Xobeh
 19178 | Lair:5   | Got a wavering turquoise ring
 19179 | Lair:5   | Identified the ring of the Philosopher {rCorr rC+ SInv} (You found it on level 5 of the Lair of Beasts)
 19506 | Lair:5   | Reached skill level 15 in Fighting
 19656 | Lair:5   | Received a gift from Nemelex Xobeh
 20052 | Lair:6   | Entered Level 6 of the Lair of Beasts
 20052 | Lair:6   | Found a staircase to the Slime Pits.
 20493 | Lair:5   | Reached skill level 10 in Armour
 20587 | Lair:6   | Found a burning altar of Makhleb.
 20613 | Lair:5   | HP: 63/127 [death yak (19)]
 20656 | Lair:5   | HP: 49/127 [spiny frog (3)]
 20662 | Lair:5   | HP: 32/127 [poisoned by a spiny frog]
 20668 | Lair:5   | HP: 30/127 [poisoned by a spiny frog]
 20673 | Lair:5   | HP: 29/127 [poisoned by a spiny frog]
 20680 | Lair:5   | HP: 30/127 [poisoned by a spiny frog]
 20688 | Lair:5   | HP: 30/127 [poisoned by a spiny frog]
 21358 | Lair:6   | HP: 63/127 [eight-headed hydra (1)]
 21360 | Lair:6   | HP: 31/127 [eight-headed hydra (9)]
 21361 | Lair:6   | Reached skill level 17 in Axes
 21369 | Lair:6   | HP: 28/128 [wolf (6)]
 21379 | Lair:6   | HP: 36/128 [wolf (6)]
 21470 | Lair:6   | HP: 45/128 [card of wild magic (18)]
 21473 | Lair:6   | HP: 22/128 [seven-headed hydra (10)]
 21474 | Lair:6   | Reached XP level 14. HP: 12/136 MP: 22/22
 22667 | Lair:6   | HP: 68/137 [elephant (4)]
 22962 | Lair:6   | Received a gift from Nemelex Xobeh
 23152 | Lair:6   | HP: 68/137 [lindwurm/blast of flame (25)]
 23394 | Lair:6   | Learned a level 2 spell: Blink
 23399 | Lair:6   | Learned a level 4 spell: Passage of Golubria
 24643 | D:11     | Found a runed door.
 24660 | D:11     | Found a runed door.
 24670 | D:11     | Found a runed door.
 24681 | D:11     | Found a runed door.
 24714 | D:11     | Noticed Nergalle
 24724 | D:11     | Killed Nergalle
 24724 | D:11     | Reached skill level 18 in Axes
 25024 | D:12     | Received a gift from Nemelex Xobeh
 25024 | D:12     | Noticed Kirke
 25036 | D:12     | Killed Kirke
 25424 | D:12     | Received a gift from Nemelex Xobeh
 25573 | D:12     | Found a staircase to the Orcish Mines.
 25898 | D:12     | Received a gift from Nemelex Xobeh
 26080 | Orc:1    | Entered Level 1 of the Orcish Mines
 26208 | Orc:2    | Entered Level 2 of the Orcish Mines
 26208 | Orc:2    | Found Onocunuo's General Store.
 26349 | Orc:2    | Found a roughly hewn altar of Beogh.
 26375 | Orc:2    | Found a roughly hewn altar of Beogh.
 26415 | Orc:2    | Found a staircase to the Elven Halls.
 26575 | Orc:1    | Noticed Erica
 26584 | Orc:1    | Killed Erica
 26584 | Orc:1    | Reached XP level 15. HP: 141/147 MP: 24/24
 26646 | Orc:1    | Reached ****** piety under Nemelex Xobeh
 26681 | Orc:1    | Received a gift from Nemelex Xobeh
 26704 | Orc:1    | Found Tifotz's Quality Used Wands.
 26894 | Orc:2    | Found a runed door.
 26924 | Orc:2    | Found a runed door.
 26939 | Orc:2    | HP: 70/147 [warg[an orange crystal statue] (4)]
 27030 | Orc:2    | HP: 66/147 [orc warrior/scimitar[an orange crystal statue] (3)]
 27406 | Orc:2    | HP: 68/147 [orc high priest/divine providence[an orange crystal statue] (11)]
 27412 | Orc:2    | HP: 63/147 [poisoned by an orc knight]
 27417 | Orc:1    | HP: 62/147 [poisoned by an orc knight]
 27423 | Orc:1    | HP: 62/147 [poisoned by an orc knight]
 27431 | Orc:1    | HP: 63/147 [poisoned by an orc knight]
 27712 | Orc:2    | Received a gift from Nemelex Xobeh
 27845 | Orc:2    | Found a roughly hewn altar of Beogh.
 27846 | Orc:2    | Found Zethedar's Food Emporium.
 27905 | Orc:2    | Found a roughly hewn altar of Beogh.
 28136 | Orc:2    | Noticed Saint Roka
 28146 | Orc:2    | HP: 99/220 [Saint Roka/divine providence (17)]
 28151 | Orc:2    | HP: 88/220 [Saint Roka/divine providence (12)]
 28155 | Orc:2    | HP: 40/147 [Saint Roka/divine providence (12)]
 28156 | Orc:2    | Killed Saint Roka
 28177 | Orc:2    | HP: 51/147 [orc wizard/magic dart (1)]
 28185 | Orc:2    | HP: 46/147 [orc warrior/war axe[Saint Roka] (1)]
 28614 | Orc:2    | Found Wetzahoff's Antique Armour Shoppe.
 28620 | Orc:2    | Found a roughly hewn altar of Beogh.
 28626 | Orc:2    | Found Yngie's Antique Weapon Emporium.
 28659 | Orc:2    | Bought a pair of glowing boots for 247 gold pieces
 28659 | Orc:2    | Bought a pitted chain mail for 313 gold pieces
 28669 | Orc:2    | Identified a +0 pair of boots of running (You bought it in a shop on level 2 of the Orcish Mines)
 28681 | Orc:2    | Identified the cursed +0 chain mail "Athrum" {+Inv rPois rN+ Dex-3} (You bought it in a shop on level 2 of the Orcish Mines)
 28799 | Orc:2    | Received a gift from Nemelex Xobeh
 28800 | Orc:2    | Found a roughly hewn altar of Beogh.
 28915 | Orc:2    | Found Qusin's General Store.
 29125 | D:13     | Paralysed by a hornet for 2 turns
 29434 | D:13     | Found an iron altar of Okawaru.
 29447 | D:13     | Reached skill level 19 in Axes
 29449 | D:13     | Paralysed by a hornet for 1 turns
 29547 | D:13     | Received a gift from Nemelex Xobeh
 29892 | D:13     | Received a gift from Nemelex Xobeh
 29978 | D:13     | Gained mutation: You are dopey. (Int -2) [mutagenic meat]
 29979 | D:13     | Gained mutation: You are somewhat resistant to further mutation. [mutagenic meat]
 29981 | D:13     | Gained mutation: Your spells are a little harder to cast, but a little more powerful. [mutagenic meat]
 30457 | D:14     | Found Fageyx's Magic Scroll Boutique.
 30578 | D:14     | Noticed Frances
 30588 | D:14     | HP: 73/149 [Frances/shard of ice (14)]
 30589 | D:14     | Killed Frances
 30593 | D:14     | HP: 57/149 [cyclops/large rock (4)]
 31264 | D:14     | Found a gate to the Vaults.
 31502 | D:14     | Received a gift from Nemelex Xobeh
 31581 | D:15     | Entered Level 15 of the Dungeon
 31588 | D:15     | Reached XP level 16. HP: 158/158 MP: 26/26
 31793 | D:15     | Received a gift from Nemelex Xobeh
 31803 | D:15     | Found a staircase to the Depths.
 31848 | D:15     | Found an opulent altar of Gozag.
 32321 | D:15     | Noticed Azrael
 32331 | D:15     | Killed Azrael
 32331 | D:15     | Reached skill level 20 in Axes
 32445 | D:15     | HP: 65/159 [ettin/dire flail (23)]
 32458 | D:15     | HP: 65/159 [acid dragon/splash of acid (4)]
 32463 | D:15     | HP: 59/159 [acid (5)]
 32513 | D:14     | HP: 73/159 [human/war axe (1)]
 32857 | D:15     | Received a gift from Nemelex Xobeh
 33059 | D:15     | Identified Cozalupn's Handbook of Enhancements
 33068 | D:15     | Learned a level 3 spell: Ozocubu's Armour
 33072 | D:15     | Learned a level 3 spell: Regeneration
 33105 | D:15     | Learned a level 6 spell: Deflect Missiles
 33189 | D:15     | HP: 76/159 [orc knight/bardiche (15)]
 33205 | D:15     | HP: 79/159 [acid dragon/splash of acid (3)]
 33706 | Spider:1 | Entered Level 1 of the Spider Nest
 33748 | Spider:1 | Found a transporter.
 34036 | Spider:2 | HP: 79/159 [insubstantial wisp[the player character] (6)]
 34048 | Spider:2 | HP: 64/159 [insubstantial wisp/static electricity[the player character] (5)]
 34883 | Spider:1 | Received a gift from Nemelex Xobeh
 34908 | Spider:1 | Found a transporter.
 36309 | Spider:3 | Received a gift from Nemelex Xobeh
 36694 | Spider:3 | Noticed p0werm0de's ghost (journeyman DsBe)
 36715 | Spider:3 | HP: 75/161 [p0werm0de's ghost (10)]
 36722 | Spider:3 | HP: 55/161 [p0werm0de's ghost (7)]
 36725 | Spider:3 | Killed p0werm0de's ghost
 36725 | Spider:3 | Reached XP level 17. HP: 54/168 MP: 10/27
 36981 | Spider:3 | Received a gift from Nemelex Xobeh
 37020 | Spider:3 | Reached skill level 21 in Axes
 37346 | Spider:3 | Received a gift from Nemelex Xobeh
 37760 | Spider:4 | Entered Level 4 of the Spider Nest
 38355 | Spider:4 | Received a gift from Nemelex Xobeh
 38566 | Spider:4 | Reached skill level 15 in Invocations
 38664 | Spider:4 | HP: 65/170 [spark wasp/living lightning (25)]
 38666 | Spider:4 | HP: 19/170 [spark wasp (15)]
 38671 | Spider:4 | HP: 42/170 [wolf spider (8)]
 38684 | Spider:4 | HP: 65/170 [ghost moth (5)]
 38691 | Spider:4 | HP: 29/170 [disintegration (32)]
 39108 | Spider:4 | Learned a level 2 spell: Passwall
 39161 | Spider:4 | Got a gossamer rune of Zot
 39791 | Spider:1 | Got a twitching zirconium amulet
 39792 | Spider:1 | Identified the amulet "Ceosep" {Spirit rElec} (You found it on level 1 of the Spider Nest)
 39798 | Spider:1 | Got a sparkling golden ring
 39799 | Spider:1 | Identified the ring "Yngiynakk" {rF+ rN+++ Str+3 Stlth-} (You found it on level 1 of the Spider Nest)
 39818 | Spider:1 | Got a sparkling bronze ring
 39819 | Spider:1 | Identified the ring of Ejamuph {Wiz Int+6 Dex-5} (You found it on level 1 of the Spider Nest)
 39884 | Spider:1 | HP: 85/170 [poisoned by a redback]
 39889 | Spider:1 | HP: 82/170 [poisoned by a redback]
 39895 | Spider:1 | HP: 80/170 [poisoned by a redback]
 39900 | Spider:1 | HP: 79/170 [poisoned by a redback]
 39906 | Spider:1 | HP: 79/170 [poisoned by a redback]
 39914 | Spider:1 | HP: 80/170 [poisoned by a redback]
 40177 | Shoals:1 | Entered Level 1 of the Shoals
 41112 | Shoals:1 | Received a gift from Nemelex Xobeh
 41161 | Shoals:1 | Noticed Josephine
 41168 | Shoals:1 | Noticed Josephine
 41168 | Shoals:1 | Josephine changed into Josephine the mana viper
 41173 | Shoals:1 | Killed Josephine the mana viper
 41180 | Shoals:1 | HP: 77/171 [drowned by a water nymph (9)]
 41185 | Shoals:1 | HP: 60/171 [drowned by a water nymph (9)]
 41187 | Shoals:1 | HP: 29/171 [water nymph/the raging water (15)]
 41192 | Shoals:1 | HP: 30/256 [wraith[Josephine] (2)]
 41201 | Shoals:1 | HP: 20/171 [wind drake/the air (3)]
 41558 | Shoals:1 | HP: 83/171 [merfolk/spear of freezing (3)]
 41563 | Shoals:1 | HP: 72/171 [poisoned by a merfolk]
 41568 | Shoals:1 | HP: 70/171 [poisoned by a merfolk]
 41576 | Shoals:1 | HP: 71/171 [poisoned by a merfolk]
 42057 | Shoals:2 | HP: 84/171 [faun/stone (5)]
 42522 | Shoals:1 | Reached skill level 22 in Axes
 42524 | Shoals:1 | Reached XP level 18. HP: 169/180 MP: 26/29
 42608 | Shoals:2 | Identified the +12 war axe of Bloodstone {speed, Dex+6} (You found it on level 2 of the Shoals)
 42787 | Shoals:2 | Noticed Nikola
 42806 | Shoals:2 | Killed Nikola
 42823 | Shoals:2 | HP: 90/180 [merfolk/trident (7)]
 42826 | Shoals:2 | HP: 29/180 [water nymph/the raging water (18)]
 42829 | Shoals:2 | HP: 13/180 [merfolk/trident (2)]
 42829 | Shoals:2 | HP: 1/180 [water nymph/the raging water (12)]
 42829 | Shoals:2 | Killed from afar by a water nymph

Skill      XL: |  1  2  3  4  5  6  7  8  9 10 11 12 13 14 15 16 17 |
---------------+----------------------------------------------------+-----
Fighting       | 1 2 3 4 5 6 8 10 11 12 14 15 17 18 19 20 | 20.7
Axes           | 2 3 4 6 8 10 12 13 15 17 18 19 20 22 | 22.1
Armour         | 1 2 3 4 5 7 8 9 10 11 12 13 14 | 14.3
Invocations    | 1 2 3 4 6 7 9 10 11 13 14 15 | 15.5
Dodging        | |  1.5
Stealth        | |  1.5
Spellcasting   | |  1.5
Summonings     | |  4.0

Action                   |  1- 3 |  4- 6 |  7- 9 | 10-12 | 13-15 | 16-18 || total
-------------------------+-------+-------+-------+-------+-------+-------++-------
Melee: Whip              |    15 |       |       |       |       |       ||    15
       Unarmed           |     2 |       |       |       |       |       ||     2
       Hand axe          |    90 |   221 |   253 |       |       |       ||   564
       Headbutt          |       |    28 |    65 |   115 |   211 |   130 ||   549
       War axe           |       |       |   158 |    94 |       |       ||   252
       Battleaxe         |       |       |       |   502 |   338 |       ||   840
       Morningstar       |       |       |       |    19 |    27 |       ||    46
       Executioner's axe |       |       |       |       |   675 |   669 ||  1344
 Cast: Summon Small Mamm |    16 |       |       |       |       |       ||    16
Invok: Stack Five        |       |       |       |     1 |       |       ||     1
       Deal Four         |       |       |       |       |     4 |     3 ||     7
       Triple Draw       |       |       |       |       |     1 |     1 ||     2
Evoke: Deck              |       |     3 |     4 |    24 |    27 |    50 ||   108
       Wand              |       |       |       |       |     2 |       ||     2
  Use: Potion            |     4 |       |       |       |     6 |     9 ||    19
       Scroll            |       |    10 |     7 |    11 |    15 |    14 ||    57
 Stab: Sleeping          |     5 |       |       |       |       |       ||     5
       Distracted        |       |     1 |       |     2 |     3 |     6 ||    12
       Invisible         |       |       |       |       |     1 |       ||     1
  Eat: Chunk             |     2 |    11 |    16 |    30 |    56 |    31 ||   146
       Fruit             |       |       |     3 |       |     1 |     4 ||     8
Armor: Robe              |     9 |       |       |       |       |       ||     9
       Leather armour    |    18 |       |       |       |       |       ||    18
       Ring mail         |       |    47 |       |       |       |       ||    47
       Scale mail        |       |     1 |       |       |       |       ||     1
       Chain mail        |       |   126 |   383 |   585 |   722 |   763 ||  2579
Dodge: Dodged            |    91 |    98 |   162 |   270 |   450 |   382 ||  1453
Block: Other             |       |     9 |    55 |    76 |   110 |     7 ||   257
       Reflection        |       |       |     2 |     1 |     2 |     2 ||     7
